 Dungeon Crawl Stone Soup version 0.31.0-11-ge490571c62 (webtiles) character file.

Game seed: 2294602300964077835

114 qw the Ducker (level 4, -11/23 HPs)
             Began as a Spriggan Hunter on Feb 3, 2024.
             Mangled by an ogre
             ... wielding a +0 giant club
              (19 damage)
             ... on level 4 of the Dungeon.
             The game lasted 00:00:06 (2320 turns).

qw the Ducker (Spriggan Hunter)                     Turns: 2320, Time: 00:00:07

Health: -11/23     AC:  2    Str:  7    XL:     4   Next: 67%
Magic:  0/5        EV: 20    Int: 10    God:
Gold:   233        SH:  0    Dex: 20    Spells: 3/3 levels left

rFire   . . .        a - +0 shortbow (heavy)
rCold   . . .        (shield currently unavailable)
rNeg    . . .        c - +0 robe
rPois   .            (helmet restricted)
rElec   .            (no cloak)
rCorr   .            (gloves unavailable)
SInv    +            (boots unavailable)
Will    .....        e - amulet of guardian spirit
Stlth   ++           (no ring)
HPRegen 0.23/turn    (no ring)
MPRegen 0.09/turn

%: guardian spirit
@: very quick
A: very small, no large weapons, unfitting armour, see invisible, speed 3
a: no special abilities


You were on level 4 of the Dungeon.
You visited 1 branch of the dungeon, and saw 4 of its levels.

You collected 233 gold pieces.


Innate Abilities, Weirdness & Mutations

You are very small and have problems with some larger weapons.
You are too small for most types of armour.
You have supernaturally acute eyesight. (SInv)
You cover ground extremely quickly. (Speed+++)


   Skills:
 + Level 1.8 Fighting
 - Level 5.0 Ranged Weapons
 - Level 5.1 Dodging
 - Level 1.5 Stealth


You had 3 spell levels left.
You didn't know any spells.
Your spell library was empty.

Inventory:

Hand Weapons
 a - a +0 heavy shortbow (weapon)
Armour
 c - a +0 robe (worn)
Jewellery
 e - an amulet of guardian spirit (around neck)
Scrolls
 b - 2 scrolls of identify
 d - a scroll of brand weapon
Potions
 f - 2 potions of cancellation
 h - a potion of curing
 l - a potion of mutation

Dungeon Overview and Level Annotations

Branches:
Dungeon (4/15)
 Temple: D:4-7

Altars:
Hepliaklqana
Ru
Sif Muna
Wu Jian

Annotations:
D:3 1 runed translucent door, Crazy Yiuf


Message History

Enter note:
Enter note:
Enter note:
Enter note:
Enter note:
Enter note:
Enter note:
Enter note:
There is a stone staircase leading up here.
You now have 229 gold pieces (gained 16).
b - 2 scrolls of identify (gained 1)
You now have 233 gold pieces (gained 4).
Crazy Yiuf shouts!
Could not explore, unopened runed door.
2245 ||| UPGRADING to amulet of guardian spirit.
You start putting on your amulet.
You continue putting on your amulet of guardian spirit. x2
Crazy Yiuf twirls on the spot.
You continue putting on your amulet of guardian spirit. x3
You finish putting on your amulet of guardian spirit.
You feel your power drawn to a protective spirit.
e - an amulet of guardian spirit (around neck)
What level of the Dungeon? (default 3, ? - help) Crazy Yiuf says, "Ten tortoise poople!"
There is a stone staircase leading down here.
You climb downwards.
There is a stone staircase leading up here.
Waypoint 3 assigned to D:4.
An ogre comes into view. It is wielding a +0 giant club.
The ogre shouts!
You shoot an arrow. The arrow barely misses the ogre.
You shoot an arrow. The arrow barely misses the ogre.
You shoot an arrow. The arrow hits the ogre!
The ogre is heavily wounded.
The ogre hits you with a +0 giant club!!
Ouch! That really hurt!
You shoot an arrow. The arrow closely misses the ogre.
The ogre hits you with a +0 giant club!!
Ouch! That really hurt!
You die...

.. #. ..
###. ...
..####.#####
.......O..<#
#####.@#.##
........#.#
#######.#.#
#.#.# #.#.#
#.#.# ..#.#
###.#


You could see an ogre.

Vanquished Creatures
  2 adders (D:3)
  3 gnolls (D:2)
  A dart slug (D:2)
  A ribbon worm (D:2)
  6 bats
  3 endoplasms
  3 giant cockroaches
  6 hobgoblins
  3 jackals (D:3)
  5 kobolds
  5 quokkas
  7 ball pythons
  2 frilled lizards (D:2)
  8 goblins
  4 rats
  A spectral goblin (D:1)
60 creatures vanquished.

Notes
Turn   | Place    | Note
-------+----------+-------------------------------------------
     0 | D:1      | qw the Spriggan Hunter began the quest for the Orb.
     0 | D:1      | Reached XP level 1. HP: 10/10 MP: 2/2
     0 | D:1      | 0 ||| qw: Version: 0.3-a-157-g843a77d
     0 | D:1      | 0 ||| qw: Game counter: 3728
     0 | D:1      | 0 ||| qw: Melee chars always use a shield: true
     0 | D:1      | 0 ||| qw: God list: Okawaru
     0 | D:1      | 0 ||| qw: Allow faded altars: false
     0 | D:1      | 0 ||| qw: Do Orc after clearing Dungeon:15 true
     0 | D:1      | 0 ||| qw: Do second Lair branch before Depths: true
     0 | D:1      | 0 ||| qw: Lair rune preference: random
     0 | D:1      | 0 ||| qw: Goals: Normal
     0 | D:1      | 0 ||| PLANNING D:1-11
    80 | D:1      | Reached skill level 3 in Dodging
    83 | D:1      | Found a faded altar of an unknown god.
   213 | D:1      | Reached XP level 2. HP: 8/14 MP: 3/3
   672 | D:1      | 672 ||| DROPPING amulet of magic regeneration.
   673 | D:1      | 673 ||| READING scroll labelled XOLAAZ WOEMUO.
   674 | D:1      | 674 ||| READING scroll labelled EKAQO HAIBRY.
   675 | D:1      | 675 ||| READING scroll labelled XUNKOZETHRUMP.
   675 | D:1      | 675 ||| IDENTIFYING purple potion
   676 | D:1      | 676 ||| READING scroll labelled AROPO RAUMM.
   676 | D:1      | 676 ||| BRANDING +0 shortbow.
   677 | D:1      | 677 ||| DROPPING scroll of butterflies.
   678 | D:1      | 678 ||| DROPPING potion of degeneration.
   749 | D:2      | Reached XP level 3. HP: 18/18 MP: 4/4
   868 | D:2      | Found a shimmering blue altar of Sif Muna.
  1019 | D:2      | Reached XP level 4. HP: 18/22 MP: 5/5
  1406 | D:2      | 1406 ||| READING 6 scrolls of identify.
  1406 | D:2      | 1406 ||| IDENTIFYING blue potion
  1407 | D:2      | 1407 ||| READING 5 scrolls of identify.
  1407 | D:2      | 1407 ||| IDENTIFYING bubbling cyan potion
  1408 | D:2      | 1408 ||| READING 4 scrolls of identify.
  1408 | D:2      | 1408 ||| IDENTIFYING metallic golden potion
  1409 | D:2      | 1409 ||| READING 3 scrolls of identify.
  1409 | D:2      | 1409 ||| IDENTIFYING 2 lumpy green potions
  1410 | D:2      | 1410 ||| READING 2 scrolls of identify.
  1410 | D:2      | 1410 ||| IDENTIFYING scroll labelled VYCOFF KAEMIA
  1411 | D:2      | 1411 ||| READING scroll of identify.
  1411 | D:2      | 1411 ||| IDENTIFYING scroll labelled YCUHOR BUMOW
  1412 | D:2      | 1412 ||| READING scroll labelled BOETTO NONISS.
  1413 | D:2      | 1413 ||| DROPPING scroll of vulnerability.
  1414 | D:2      | 1414 ||| DROPPING scroll of immolation.
  1415 | D:2      | 1415 ||| DROPPING 2 potions of lignification.
  1613 | D:3      | Found an ornate altar of the Wu Jian Council.
  1829 | D:3      | Found a sacrificial altar of Ru.
  1895 | D:3      | Found a hazy altar of Hepliaklqana.
  2241 | D:3      | Found a runed translucent door.
  2242 | D:3      | Noticed Crazy Yiuf
  2245 | D:3      | 2245 ||| UPGRADING to amulet of guardian spirit.
  2316 | D:4      | Noticed an ogre
  2320 | D:4      | Mangled by an ogre

Levels and vault maps discovered:
D:1:      ncdulo_smallfort, layout_loops_ring,
          dreamdust_ecumenical_altar_drowned_temple
D:2:      minmay_skewed_foursquare, layout_rooms, basic_altar,
          nicolae_elevator_lobby_plus
D:3:      layout_basic, lemuel_round_altar, nicolae_wu_jian_wuxing_cycle,
          nicolae_overflow_hidden_temple, uniq_crazy_yiuf_cottage
D:4:      layout_basic, mainiacjoe_overflow_divided_tiny, uniq_edmund,
          uniq_blork_the_orc

Skill      XL: |  1  2  3  4 |
---------------+-------------+-----
Dodging        | 3 4 5 |  5.1
Ranged Weapons | 5 |  5.0
Fighting       | |  1.8
Stealth        | |  1.5

Action                     |  1- 3 |  4- 6 || total
---------------------------+-------+-------++-------
   Fire: Shortbow          |    71 |    44 ||   115
    Use: Scroll            |     4 |     7 ||    11
 Armour: Robe              |    12 |     4 ||    16
  Dodge: Dodged            |    25 |    11 ||    36

Table legend:
 A = Non-vault XP
 B = Vault XP
 C = Vault XP percentage of total XP
 D = Non-vault monster count
 E = Vault monster count
 F = Vault count percentage of total count
                 A         B        C        D         E       F
            +---------+---------+-------+---------+---------+-------
      Total |     153 |      11 |   6.7 |      54 |       6 |  10.0
            +---------+---------+-------+---------+---------+-------
        D:1 |      28 |       1 |   3.4 |      17 |       1 |   5.6
        D:2 |      79 |      10 |  11.2 |      25 |       5 |  16.7
        D:3 |      46 |       0 |   0.0 |      12 |       0 |   0.0
            +---------+---------+-------+---------+---------+-------
